 Dungeon Crawl Stone Soup version 0.26-a0-651-gb41185065b (webtiles) character file.

Game seed: 8068423381897489946

185729 dtynewydd the Severer (level 18, -5/173 HPs)
             Began as a Hill Orc Monk on Oct 5, 2020.
             Was the Champion of Beogh.
             Slain by a red draconian knight
             ... wielding a +1 great mace of draining
              (11 damage)
             ... on level 2 of the Vaults on Oct 6, 2020.
             The game lasted 02:05:07 (38116 turns).

dtynewydd the Severer (Hill Orc Monk)              Turns: 38116, Time: 02:05:07

Health: -5/173     AC: 31    Str: 28      XL:     18   Next: 4%
Magic:  29/29      EV: 11    Int:  9 (10) God:    Beogh [******]
Gold:   1560       SH: 20    Dex:  9      Spells: 17/17 levels left

rFire    . . .     SeeInvis +   J - +7 broad axe
rCold    + + +     Faith    +   Z - +3 tower shield {rC+}
rNeg     . . .     Spirit   .   e - +2 plate armour of Xeth {rC+ Slay+2}
rPois    +         Reflect  .   p - +2 helmet {SInv}
rElec    +         Harm     .   s - +1 cloak of Starlight {rElec rC+ EV+4 Stlth--}
rCorr    .         Rampage  .   Y - +2 pair of gloves "Kuofuor" {*Drain rElec Regen+ Dex-4}
MR       ++...                  T - +1 pair of boots
Stlth    ..........             F - amulet of faith
HPRegen  0.78/turn              O - ring of poison resistance
MPRegen  0.21/turn              j - ring of Luna {MR+ Str+6}

@: flying (expiring), lightly drained
A: walk on water
}: 1/15 runes: serpentine
a: Smiting, Recall Orcish Followers, Give Item to Named Follower, Resurrection,
Renounce Religion


You were on level 2 of the Vaults.
You worshipped Beogh.
Beogh was exalted by your worship.
You visited 5 branches of the dungeon, and saw 29 of its levels.
You visited the Abyss 1 time.
You also visited: Gauntlet.

You collected 3196 gold pieces.
You spent 1636 gold pieces at shops.

Inventory:

Hand Weapons
 g - a +2 glaive of flaming
 E - a +2 bardiche
 J - a +7 broad axe (weapon)
 W - a +1 trident of venom
Missiles
 c - 80 boomerangs (quivered)
Armour
 e - the +2 plate armour of Xeth (worn) {rC+ Slay+2}
   (You found it on level 6 of the Lair of Beasts)

   It affects your accuracy and damage with ranged weapons and melee attacks
   (+2).
   It protects you from cold.
 p - a +2 helmet of see invisible (worn)
 s - the +1 cloak of Starlight (worn) {rElec rC+ EV+4 Stlth--}
   (You found it in a Gauntlet)

   It affects your evasion (+4).
   It protects you from cold.
   It insulates you from electricity.
   It makes you much less stealthy.
 A - +0 acid dragon scales
 M - the +4 plate armour of Vawoguis {Harm +Inv rF+}
   (You bought it in a shop on level 2 of the Orcish Mines)

   It protects you from fire.
   It lets you turn invisible.
   It increases damage dealt and taken.
 T - a +1 pair of boots (worn)
 Y - the +2 pair of gloves "Kuofuor" (worn) {*Drain rElec Regen+ Dex-4}
   (You found it on level 6 of the Lair of Beasts)

   It affects your dexterity (-4).
   It insulates you from electricity.
   It increases your rate of regeneration.
   It causes draining when unequipped.
 Z - a +3 tower shield of cold resistance (worn)
Jewellery
 b - an uncursed ring of resist corrosion {unknown}
 j - the ring of Luna (right hand) {MR+ Str+6}
   (You found it in a Gauntlet)

   [ring of strength]

   It affects your strength (+6).
   It affects your resistance to hostile enchantments.
 l - a +6 ring of strength
 v - an uncursed amulet of the acrobat {unknown}
 z - an uncursed ring of protection from fire {unknown}
 D - an uncursed amulet of reflection {unknown}
 F - an amulet of faith (around neck)
 L - a cursed ring of teleportation {unknown}
 O - a ring of poison resistance (left hand)
 P - a +4 ring of evasion
Wands
 a - a wand of disintegration (19)
 h - a wand of random effects (25)
 k - a wand of iceblast (18)
 I - a wand of flame (14)
 K - a wand of polymorph (18)
 N - a wand of acid (36)
 S - a wand of paralysis (17)
Scrolls
 d - 13 scrolls of teleportation
 f - a scroll of fear
 i - 18 scrolls of remove curse
 w - 3 scrolls of magic mapping
 B - 2 scrolls of fog
 G - a scroll of amnesia
 H - 2 scrolls of identify
 U - a scroll of silence {unknown}
Potions
 o - 2 potions of lignification
 r - 3 potions of haste
 u - 2 potions of curing
 x - 4 potions of mutation
 C - a potion of cancellation
 Q - 2 potions of stabbing
 V - a potion of magic
 X - 2 potions of flight {unknown}
Miscellaneous
 m - a tin of tremorstones (3/3)
 q - a box of beasts (3/3)
 t - a phial of floods


   Skills:
 * Level 18.6(18.3) Fighting
 - Level 20.6(20.2) Axes
 + Level 15.1(14.8) Armour
 + Level 7.2(7.0) Dodging
 - Level 1.5(1.3) Stealth
 + Level 8.8(8.5) Shields
 + Level 15.8(15.4) Invocations


You had 17 spell levels left.
You didn't know any spells.
Your spell library contained the following spells:

 Spells                   Type           Power        Failure   Level
 Corona                   Hex            #......      100%        1
 Foxfire                  Conj/Fire      #...         100%        1
 Magic Dart               Conj           #...         100%        1
 Shock                    Conj/Air       #...         100%        1
 Summon Small Mammal      Summ           #...         100%        1
 Blink                    Tloc           N/A          100%        2
 Call Imp                 Summ           #.......     100%        2
 Ensorcelled Hibernation  Hex/Ice        #.....       100%        2
 Searing Ray              Conj           #.....       100%        2
 Slow                     Hex            #.......     100%        2
 Sublimation of Blood     Necr           #.........   100%        2
 Call Canine Familiar     Summ           #.......     100%        3
 Confusing Touch          Hex            #.......     100%        3
 Conjure Flame            Conj/Fire      #.......     100%        3
 Dazzling Flash           Conj/Hex       #.....       100%        3
 Ignite Poison            Fire/Tmut/Pois #.......     100%        3
 Inner Flame              Hex/Fire       #.......     100%        3
 Mephitic Cloud           Conj/Pois/Air  #.......     100%        3
 Portal Projectile        Hex/Tloc       #.....       100%        3
 Stone Arrow              Conj/Erth      #.....       100%        3
 Summon Guardian Golem    Hex/Summ       #.......     100%        3
 Tukima's Dance           Hex            #.......     100%        3
 Cause Fear               Hex            #.........   100%        4
 Fulminant Prism          Conj/Hex       #.........   100%        4
 Hailstorm                Conj/Ice       #.......     100%        4
 Iskenderun's Mystic Bla  Conj/Tloc      #.......     100%        4
 Leda's Liquefaction      Hex/Erth       #.........   100%        4
 Petrify                  Tmut/Erth      #.......     100%        4
 Summon Ice Beast         Ice/Summ       #.......     100%        4
 Summon Lightning Spire   Summ/Air       #.......     100%        4
 Alistair's Intoxication  Tmut/Pois      #........    100%        5
 Borgnjor's Vile Clutch   Necr/Erth      #.........   100%        5
 Irradiate                Conj/Tmut      #.........   100%        5
 Silence                  Hex/Air        #.........   100%        5
 Summon Demon             Summ           #.........   100%        5
 Yara's Violent Unravell  Hex/Tmut       #.........   100%        5
 Eringya's Noxious Bog    Tmut/Pois      #.........   100%        6
 Shadow Creatures         Summ           N/A          100%        6
 Orb of Destruction       Conj           #.........   100%        7
 Dragon's Call            Summ           #.........   100%        9


Dungeon Overview and Level Annotations

Branches:
Dungeon (15/15)            Temple (0/1) D:7            Lair (6/6) D:10
 Shoals (0/4) Lair:4        Snake (4/4) Lair:4        Slime (0/5) Lair:5
    Orc (2/2) D:11            Elf (0/3) Orc:2        Vaults (2/5) D:14
 Depths (0/5) D:15        Gauntlet (visited)
  Crypt: Vaults:2-3

Altars:
Cheibriados
Dithmenos
Gozag
Ru
Trog
Vehumet
Zin
Beogh
Jiyva

Shops:
D:7 (   D:10 *   D:13 ?   Orc:2 [!:![   Vaults:1 (:

Portals:
Pandemonium: Orc:2
Trove: D:13 (lose all piety)

Annotations:
D:7 2 transporters
D:9 3 runed translucent doors, exclusion: orange crystal statue
Vaults:2 Sojobo


Message History

The red draconian knight hits you but does no damage.
You feel drained.
The air elemental hits you but does no damage. x3
You are engulfed in raging winds.
* * * LOW HITPOINT WARNING * * *
The winds around the air elemental start to calm down.
The air elemental closely misses you. Sojobo hits you but does no damage.
You block Sojobo's attack. Sojobo claws you but does no damage.
You block the air elemental's attack.
Okay, then.
The red draconian knight roars!
You hit the red draconian knight.
The red draconian knight is severely wounded.
You cut the air elemental into ribbons!!!
You destroy the air elemental!
You slash the air elemental! You miss Sojobo.
You are engulfed in raging winds.
You block the air elemental's attack.
The air elemental hits you but does no damage.
The red draconian knight hits you with a +1 great mace of draining!
You die...

........OO.................
#########..................
#...#.#.#OO......
.#.#.#.##..########
#.#.#.#.'..#§§§§§§#
.###.#.##.[#§§§§§§# ##
##.#o#.))§§§§E§# #
##..#..#§§§qQE# ##
##.#o#..#§§§§@§#
.###.#o##.<#§§§§§§#
#.#.#o#.#..#§§§§§§#
.#o#o#.##..########
#...#.#.#.C. ##'######?..
.'.oo...#.... .#..o...#....
.#......#.####


You could see Sojobo (repels missiles), a red draconian knight (fast, icy
armour, invisible) and 2 air elementals.

Vanquished Creatures
  4 nagarajas (Snake:4)
  A deep elf sorcerer (Vaults:1)
  5 vault wardens
  An ironheart preserver (Vaults:2)
  Azrael (D:12)
  A minotaur (Gauntlet)
  A yaktaur captain (Vaults:2)
  3 ogre magi
  Harold (D:8)
  4 vault guards
  2 hydras (Lair:2)
  3 naga warriors (Snake:4)
  A ghost crab (Gauntlet)
  2 great orbs of eyes (Vaults:1)
  11 two-headed ogres
  3 catoblepae
  A death knight (Vaults:2)
  Erica (D:9)
  2 centaur warriors
  3 tengu warriors
  5 anacondas
  An orc high priest (Orc:2)
  3 shock serpents
  3 naga sharpshooters (Snake:4)
  A wretched star (Abyss:2)
  A deep elf knight (Vaults:2)
  A sun demon (Orc:2)
  A shadow wraith (Abyss:2)
  5 unseen horrors
  3 skeletal warriors (Vaults:1)
  A glowing orange brain (D:14)
  3 wizards
  A flayed ghost (Vaults:1)
  A naga ritualist (Snake:4)
  2 salamander mystics
  A deep elf archer (Vaults:1)
  Pikel (D:9)
  3 ironbrand convokers
  A wolf spider zombie (D:15)
  A phantasmal warrior (D:11)
  A necromancer (Vaults:2)
  A harpy (shapeshifter) (Vaults:1)
  4 ugly things
  3 mana vipers
  A wolf spider (Vaults:1)
  3 deep elf magi
  6 cyclopes
  4 manticores
  A worldbinder (Abyss:2)
  4 salamanders
  A guardian serpent (Snake:2)
  7 elephants (Lair:6)
  Maurice (D:9)
  2 vault sentinels (Vaults:2)
  9 black mambas
  12 naga magi
  3 gargoyles
  An apocalypse crab (Gauntlet)
  A smoke demon (Abyss:2)
  Maggie (D:8)
  5 cane toads
  2 freezing wraiths
  A komodo dragon (Lair:6)
  4 centaur skeletons
  14 yaktaurs
  2 rime drakes (Lair:1)
  3 tengu conjurers
  2 hellwings (Abyss:2)
  2 ancient zymes (Abyss:2)
  A polar bear (shapeshifter) (Vaults:1)
  4 trolls
  3 polar bears (Lair:6)
  3 hippogriffs
  8 hornets
  6 blink frogs
  Grinder (D:3)
  8 slime creatures
  2 dream sheep
  5 shadows
  2 ynoxinuls (Abyss:2)
  9 spriggans (Lair:6)
  2 wyverns (D:13)
  5 wraiths
  A small abomination (Vaults:1)
  23 yaks
  2 fire bats (Abyss:2)
  A fire bat (shapeshifter) (D:14)
  A basilisk (shapeshifter) (Vaults:2)
  2 fire elementals (D:12)
  2 basilisks
  A neqoxec (Abyss:2)
  3 vampire mosquitoes (D:12)
  A chaos spawn (Orc:2)
  16 nagas
  2 hell hounds (D:12)
  12 water moccasins
  2 acid dragons (D:15)
  10 porcupines
  A sky beast (D:7)
  2 ice beasts
  A phantom (D:3)
  6 orc warriors
  16 ogres
  2 eyes of draining
  8 black bears
  7 centaurs
  14 wolves
  4 boggarts (Lair:6)
  9 crocodiles
  14 bullfrogs
  A big kobold (D:13)
  A glowing shapeshifter simulacrum (Vaults:2)
  A water moccasin skeleton (D:9)
  5 scorpions
  11 killer bees
  5 wights
  6 howler monkeys
  2 electric eels (D:10)
  A centaur zombie (D:11)
  4 crimson imps (Abyss:2)
  A bullfrog zombie (D:8)
  A quasit (D:10)
  4 jellies
  A gnoll shaman (D:4)
  2 bullfrog skeletons
  3 hounds
  4 orc priests
  5 orc wizards
  Jessica (D:2)
  Ijyb (D:4)
  Natasha (twice) (D:3)
  4 iguanas
  8 worker ants
  A hound skeleton (D:4)
  A howler monkey zombie (D:11)
  Robin (D:4)
  9 gnolls
  A howler monkey skeleton (D:4)
  12 adders
  2 shadow imps
  5 white imps
  2 ufetubi
  3 oozes
  3 worms
  8 leopard geckos
  14 orcs
  A ball python (D:4)
  6 giant cockroaches
  16 goblins
  9 hobgoblins
  9 jackals
  9 kobolds
  5 quokkas
  6 bats
  3 frilled lizards
  3 quokka skeletons
  8 rats
624 creatures vanquished.

Vanquished Creatures (collateral kills)
  Mara (Vaults:2)
  3 nagarajas
  An ironheart preserver (Vaults:2)
  A stone giant (Vaults:2)
  A deep elf death mage (Vaults:2)
  2 ogre magi
  A fire dragon (D:14)
  3 yaktaur captains
  5 hydras
  A centaur warrior (Vaults:2)
  8 naga warriors
  3 anacondas
  7 two-headed ogres
  6 naga sharpshooters
  Nergalle (Lair:1)
  A deep elf knight (Vaults:1)
  3 orc high priests (Orc:2)
  3 shock serpents
  2 skeletal warriors (Vaults:1)
  An infernal demonspawn (Orc:2)
  2 torturous demonspawn (Orc:2)
  3 orc knights
  A deep elf archer (Vaults:1)
  5 naga ritualists (Snake:4)
  A wolf spider zombie (D:14)
  5 deep elf magi (Vaults:1)
  3 orc sorcerers
  4 mana vipers
  3 ugly things
  4 manticores
  2 cyclopes
  4 salamanders (Snake:3)
  A rust devil (Orc:2)
  13 black mambas
  5 elephants (Lair:6)
  A vault sentinel (Vaults:1)
  5 cane toads
  A smoke demon (Orc:2)
  2 guardian serpents
  12 naga magi
  2 yaktaurs
  A rime drake (Lair:6)
  A centaur skeleton (D:14)
  A komodo dragon (Lair:3)
  2 efreet
  A troll (Orc:2)
  A polar bear (Lair:6)
  2 hornets (Lair:6)
  2 red devils (Orc:2)
  3 blink frogs
  4 slime creatures
  3 dream sheep (Lair:5)
  2 hippogriffs (Lair:4)
  2 wyverns
  12 yaks
  5 spriggans (Lair:6)
  3 wraiths
  2 basilisks
  A neqoxec (Orc:2)
  2 vampire mosquitoes (D:12)
  A warg (Orc:1)
  21 nagas
  6 water moccasins
  An acid dragon (D:14)
  9 porcupines
  A hell hound (D:12)
  2 ice beasts
  10 orc warriors
  13 wolves
  9 ogres
  A phantom (D:12)
  A black bear (D:10)
  2 centaurs
  6 crocodiles
  A big kobold (D:11)
  4 bullfrogs
  A scorpion (D:9)
  A human simulacrum (Vaults:1)
  8 killer bees
  A wight (D:7)
  5 howler monkeys
  2 electric eels (D:10)
  3 centaur zombies
  2 bullfrog zombies
  A jelly (D:7)
  2 hounds
  6 orc priests
  5 orc wizards
  4 iguanas
  4 worker ants
  2 adders
  An ufetubus (D:6)
  19 orcs
  A jackal (D:11)
  A quokka (D:6)
  A bush (D:10)
341 creatures vanquished.

Vanquished Creatures (others)
  2 orc warlords
  A vault warden (Vaults:2)
  A vampire mage (Vaults:2)
  4 orc high priests
  A deep elf archer (Vaults:2)
  11 orc knights
  A deep elf mage (Vaults:2)
  4 orc sorcerers
  25 orc warriors
  An ogre (Vaults:2)
  18 orc priests
  13 orc wizards
  An adder (D:3)
  52 orcs
  A quokka (D:3)
  A rat (D:3)
  69 fungi
  72 plants
278 creatures vanquished.

Grand Total: 1243 creatures vanquished

Notes
Turn   | Place    | Note
-------+----------+-------------------------------------------
     0 | D:1      | dtynewydd the Hill Orc Monk began the quest for the Orb.
     0 | D:1      | Reached XP level 1. HP: 19/19 MP: 1/1
   133 | D:1      | Reached XP level 2. HP: 21/27 MP: 2/2
   376 | D:1      | Reached skill level 1 in Armour
   718 | D:1      | Reached XP level 3. HP: 33/33 MP: 3/3
  1027 | D:1      | Reached skill level 5 in Axes
  1379 | D:2      | Found a radiant altar of Vehumet.
  1484 | D:2      | Noticed Jessica
  1489 | D:2      | Killed Jessica
  1489 | D:2      | Reached XP level 4. HP: 40/40 MP: 4/4
  1661 | D:2      | Found a faded altar of an unknown god.
  1928 | D:2      | Found a snail-covered altar of Cheibriados.
  1928 | D:2      | Found a shadowy altar of Dithmenos.
  2696 | D:2      | Reached XP level 5. HP: 47/47 MP: 5/5
  2807 | D:3      | Reached skill level 6 in Axes
  3045 | D:3      | Noticed Natasha
  3049 | D:3      | Became a worshipper of Beogh the Brigand
  3049 | D:3      | Reached * piety under Beogh
  3049 | D:3      | Reached ** piety under Beogh
  3063 | D:3      | Killed Natasha
  3324 | D:3      | Noticed Grinder
  3342 | D:3      | Paralysed by Grinder for 4 turns
  3352 | D:3      | Paralysed by Grinder for 7 turns
  3361 | D:3      | Killed Grinder
  3361 | D:3      | Reached skill level 5 in Fighting
  3361 | D:3      | Reached skill level 7 in Axes
  3361 | D:3      | Reached XP level 6. HP: 6/56 MP: 6/6
  3650 | D:3      | Found a glowing silver altar of Zin.
  4162 | D:3      | Noticed Natasha
  4169 | D:3      | Killed Natasha
  4169 | D:3      | Reached XP level 7. HP: 59/61 MP: 7/7
  4529 | D:3      | Reached skill level 8 in Axes
  5115 | D:4      | Noticed Ijyb
  5141 | D:4      | Killed Ijyb
  5624 | D:4      | Noticed Robin
  5649 | D:4      | Killed Robin
  6036 | D:4      | Reached skill level 9 in Axes
  6036 | D:4      | Reached XP level 8. HP: 48/71 MP: 8/8
  6562 | D:4      | Reached *** piety under Beogh
  6845 | D:4      | Found a sacrificial altar of Ru.
  7110 | D:5      | Entered Level 5 of the Dungeon
  7136 | D:5      | Reached skill level 5 in Armour
  7620 | D:5      | Reached skill level 10 in Axes
  7891 | D:5      | Found a bloodstained altar of Trog.
  8713 | D:6      | You fall into a shaft and drop 2 floors!
  8735 | D:8      | Reached **** piety under Beogh
  8788 | D:8      | Reached XP level 9. HP: 40/79 MP: 9/9
  8960 | D:8      | Noticed Maggie
  8985 | D:8      | Killed Maggie
  8985 | D:8      | Reached skill level 11 in Axes
  9204 | D:8      | Noticed Harold
  9231 | D:8      | Killed Harold
  9231 | D:8      | Reached skill level 12 in Axes
  9477 | D:7      | Found a staircase to the Ecumenical Temple.
  9625 | D:7      | Found a transporter.
  9670 | D:7      | Found a runed translucent door.
  9701 | D:7      | Found a roughly hewn altar of Beogh.
  9769 | D:7      | Found a transporter.
  9792 | D:7      | Identified the Tome of Creation
 10099 | D:7      | Reached XP level 10. HP: 33/91 MP: 10/10
 10505 | D:7      | Found Deimooc's Weapon Boutique.
 10523 | D:7      | Reached skill level 13 in Axes
 10637 | D:7      | Reached skill level 1 in Invocations
 10750 | D:8      | Reached ***** piety under Beogh
 10751 | D:8      | Gained Geork as an ally
 10907 | D:8      | Found a shadowy altar of Dithmenos.
 11450 | D:9      | Found a runed translucent door.
 11816 | D:9      | Noticed Pikel
 11830 | D:9      | Killed Pikel
 11870 | D:9      | Noticed Maurice
 11878 | D:9      | Killed Maurice
 12310 | D:9      | Found a runed translucent door.
 12324 | D:9      | Found a runed translucent door.
 12335 | D:9      | Found a runed translucent door.
 12339 | D:9      | Noticed an orange crystal statue
 12457 | D:9      | Noticed Erica
 12471 | D:9      | Killed Erica
 12471 | D:9      | Reached skill level 10 in Fighting
 12471 | D:9      | Reached skill level 14 in Axes
 12841 | D:10     | Entered Level 10 of the Dungeon
 12870 | D:10     | Reached XP level 11. HP: 76/99 MP: 11/14
 12872 | D:10     | Reached skill level 5 in Invocations
 12878 | D:10     | Found a staircase to the Lair.
 13233 | D:10     | Noticed a four-headed hydra
 13242 | D:10     | Killed an eight-headed hydra
 13650 | D:10     | Found Gozag's Platinum Reserve.
 13654 | D:10     | Found an opulent altar of Gozag.
 13670 | D:10     | Reached skill level 15 in Axes
 14086 | D:11     | Noticed a two-headed ogre
 14096 | D:11     | Killed a two-headed ogre
 14493 | D:11     | Noticed a deep elf mage
 14500 | D:11     | Noticed an unseen horror
 14508 | D:11     | Killed an unseen horror
 14517 | D:11     | Noticed a soul eater
 14519 | D:11     | Killed a deep elf mage
 14526 | D:11     | Your ally Geork died
 14535 | D:11     | Reached ****** piety under Beogh
 14535 | D:11     | Gained Koronagh as an ally
 14895 | D:11     | Found a staircase to the Orcish Mines.
 14913 | D:11     | Gained Norbak as an ally
 15034 | D:11     | Noticed a phantasmal warrior
 15039 | D:11     | Killed a phantasmal warrior
 15510 | D:11     | Noticed a cyan ugly thing
 15515 | D:11     | Killed a cyan ugly thing
 15589 | D:12     | Noticed a two-headed ogre
 15593 | D:12     | Reached skill level 16 in Axes
 15595 | D:12     | Reached XP level 12. HP: 102/110 MP: 17/17
 15602 | D:12     | Your ally Koronagh died
 15605 | D:12     | Killed a two-headed ogre
 15771 | D:12     | Noticed a seven-headed hydra
 15775 | D:12     | Your ally Geork died
 15776 | D:12     | Killed a ten-headed hydra
 15776 | D:12     | Reached skill level 10 in Armour
 16106 | Orc:1    | Entered Level 1 of the Orcish Mines
 16106 | Orc:1    | Noticed an ogre mage
 16106 | Orc:1    | Noticed a two-headed ogre
 16106 | Orc:1    | Noticed a two-headed ogre
 16110 | Orc:1    | Killed a two-headed ogre
 16116 | Orc:1    | Killed a two-headed ogre
 16116 | Orc:1    | Gained Orkwin as an ally
 16117 | Orc:1    | Killed an ogre mage
 16119 | Orc:1    | HP: 2/111 [warg (11)]
 16518 | Orc:1    | Found a roughly hewn altar of Beogh.
 16661 | Orc:1    | Found a roughly hewn altar of Beogh.
 17141 | Orc:2    | Entered Level 2 of the Orcish Mines
 17153 | Orc:2    | Found Suofed's Antique Armour Shoppe.
 17273 | Orc:2    | Bought a fading plate armour for 700 gold pieces
 17354 | Orc:2    | Found Bonnaenn's Distillery.
 17356 | Orc:2    | Found Innoreax's Distillery.
 17356 | Orc:2    | Noticed a sun demon
 17360 | Orc:2    | Killed a sun demon
 17385 | Orc:2    | Reached skill level 17 in Axes
 17408 | Orc:1    | Identified the +4 plate armour of Vawoguis {Harm +Inv rF+}
                  | (You bought it in a shop on level 2 of the Orcish Mines)
 17698 | Lair:1   | Entered Level 1 of the Lair of Beasts
 17749 | Lair:1   | Noticed a five-headed hydra
 17755 | Lair:1   | Killed an eight-headed hydra
 17755 | Lair:1   | Gained Norbak as an ally
 18317 | Lair:1   | Noticed Nergalle
 18328 | Lair:1   | Killed Nergalle
 19416 | Lair:2   | Noticed a four-headed hydra
 19419 | Lair:2   | Reached XP level 13. HP: 117/119 MP: 20/20
 19920 | Lair:3   | Reached skill level 10 in Invocations
 19926 | Lair:3   | Reached skill level 18 in Axes
 19932 | Lair:3   | Gained Bogfrid as an ally
 21205 | Lair:4   | Found a staircase to the Snake Pit.
 21339 | Lair:4   | Found the +3 robe of Folly {Archmagi, MR-- Int+5}
 21590 | Lair:4   | Found a staircase to the Shoals.
 22147 | Lair:5   | Found a viscous altar of Jiyva.
 22147 | Lair:5   | Found a staircase to the Slime Pits.
 22776 | Lair:6   | Entered Level 6 of the Lair of Beasts
 22805 | Lair:6   | Reached skill level 19 in Axes
 22811 | Lair:6   | Reached XP level 14. HP: 127/129 MP: 22/22
 23143 | Lair:6   | Your ally Norbak died
 23148 | Lair:6   | Gained Dorog as an ally
 23162 | Lair:6   | Gained Jorge as an ally
 23292 | Lair:6   | Got a pair of smoking gloves
 23308 | Lair:6   | Identified the +2 pair of gloves "Kuofuor" {*Drain rElec
                  | Regen+ Dex-4} (You found it on level 6 of the Lair of
                  | Beasts)
 23832 | Lair:6   | Got a dazzling plate armour
 23843 | Lair:6   | Identified the +2 plate armour of Xeth {rC+ Slay+2} (You
                  | found it on level 6 of the Lair of Beasts)
 24292 | Orc:2    | Bought a potion of heal wounds for 65 gold pieces
 24292 | Orc:2    | Bought 2 potions of berserk rage for 130 gold pieces
 24292 | Orc:2    | Bought a potion of heal wounds for 65 gold pieces
 24296 | Orc:2    | Bought a potion of heal wounds for 65 gold pieces
 24296 | Orc:2    | Bought a potion of heal wounds for 65 gold pieces
 24298 | Orc:2    | Bought a potion of heal wounds for 55 gold pieces
 24298 | Orc:2    | Bought a potion of might for 44 gold pieces
 24505 | Orc:2    | Found a staircase to the Elven Halls.
 24929 | Orc:2    | Found Rymynlo's Book Shop.
 24929 | Orc:2    | Found Ixearch's Antique Armour Boutique.
 24929 | Orc:2    | Found a one-way gate leading to the halls of Pandemonium.
 24933 | Orc:2    | Bought a tower shield for 81 gold pieces
 25217 | Snake:1  | Entered Level 1 of the Snake Pit
 25425 | Snake:1  | Reached skill level 20 in Axes
 26260 | Snake:2  | Your ally Jorge died
 26445 | Snake:2  | Reached XP level 15. HP: 106/139 MP: 24/24
 26521 | Snake:2  | Your ally Bogfrid died
 26739 | Snake:2  | Noticed a nagaraja
 26747 | Snake:2  | Killed a nagaraja
 27768 | Snake:3  | Reached skill level 1 in Shields
 27776 | Snake:3  | Gained Margrim as an ally
 27996 | Snake:3  | Gained Ognian as an ally
 28406 | Snake:4  | Entered Level 4 of the Snake Pit
 28482 | Snake:4  | Reached skill level 15 in Fighting
 28571 | Snake:4  | Noticed a nagaraja
 28578 | Snake:4  | Killed a nagaraja
 28973 | Snake:4  | Your ally Dorog died
 28980 | Snake:4  | Your ally Norbak died
 29009 | Snake:4  | Your ally Orkwin died
 29078 | Snake:4  | Your ally Margrim died
 29262 | Snake:4  | Noticed a nagaraja
 29263 | Snake:4  | Noticed a nagaraja
 29264 | Snake:4  | Noticed a nagaraja
 29271 | Snake:4  | Killed a nagaraja
 29279 | Snake:4  | Noticed a nagaraja
 29284 | Snake:4  | Gained Zartorak as an ally
 29285 | Snake:4  | Killed a nagaraja
 29289 | Snake:4  | Noticed a nagaraja
 29290 | Snake:4  | HP: 7/143 [stone wall collision (5)]
 29291 | Snake:4  | Your ally Ognian died
 29931 | D:12     | Noticed Azrael
 29939 | D:12     | Killed Azrael
 29939 | D:12     | Reached XP level 16. HP: 110/151 MP: 26/26
 30002 | D:12     | Gained Syrus as an ally
 30472 | D:13     | Reached skill level 5 in Shields
 30476 | D:13     | Found a portal to a secret trove of treasure.
 30591 | D:13     | Found Cestin's Magic Scroll Emporium.
 30656 | D:13     | Bought a scroll of enchant weapon for 112 gold pieces
 30656 | D:13     | Bought a scroll of enchant weapon for 112 gold pieces
 30656 | D:13     | Bought a scroll of identify for 30 gold pieces
 30656 | D:13     | Bought a scroll of enchant armour for 112 gold pieces
 31324 | D:14     | You fall into a shaft and drop 1 floor!
 31324 | D:15     | Entered Level 15 of the Dungeon
 31334 | D:15     | Your ally Syrus died
 31339 | D:15     | Reached skill level 5 in Dodging
 31339 | D:15     | Paralysed by an orc sorcerer for 7 turns
 31374 | D:15     | Found a staircase to the Depths.
 31530 | D:15     | Found a gate leading to a gauntlet.
 31539 | Gauntlet | Entered a Gauntlet
 31539 | Gauntlet | Found a transporter.
 31542 | Gauntlet | Found a transporter.
 31561 | Gauntlet | Found a transporter.
 31562 | Gauntlet | Found a transporter.
 31580 | Gauntlet | Found a transporter.
 31591 | Gauntlet | Found the +1 cloak of Starlight {rElec rC+ EV+4 Stlth--}
 31592 | Gauntlet | Found a runed translucent gate.
 31593 | Gauntlet | Found a transporter.
 31593 | Gauntlet | Found a runed translucent gate.
 31596 | Gauntlet | Found a transporter.
 31600 | Gauntlet | Found a transporter.
 31610 | Gauntlet | Found a runed translucent gate.
 31627 | Gauntlet | Found a transporter.
 31635 | Gauntlet | Found a transporter.
 31635 | Gauntlet | Found a transporter.
 31643 | Gauntlet | Found a transporter.
 31758 | Gauntlet | Got a smoking silver ring
 31878 | Gauntlet | Identified the Catalogue of Supportive Shape Shifting
 31888 | Gauntlet | Identified the ring of Luna {MR+ Str+6} (You found it in a
                  | Gauntlet)
 32012 | D:15     | Found Wiret's Book Emporium.
 32579 | D:14     | Found a gate to the Vaults.
 33262 | Snake:4  | Killed a nagaraja
 33395 | Snake:4  | Killed a nagaraja
 33586 | Snake:4  | Killed a nagaraja
 33682 | Snake:4  | Got a serpentine rune of Zot
 34413 | Vaults:1 | Entered Level 1 of the Vaults
 34454 | Vaults:1 | Found Boamear's Antique Weapon Shoppe.
 34679 | Vaults:1 | Reached XP level 17. HP: 161/161 MP: 28/28
 35125 | Vaults:1 | Gained Korbok as an ally
 35143 | Vaults:1 | Paralysed by a great orb of eyes for 2 turns
 35149 | Vaults:1 | Reached skill level 15 in Invocations
 35266 | Vaults:1 | Found Nuumyist's Book Shoppe.
 35431 | Vaults:1 | Identified Tolesie's Volume of Attacks
 35525 | Vaults:1 | Your ally Korbok died
 35772 | Vaults:2 | Noticed Mara
 35773 | Vaults:2 | Gained Margrim as an ally
 35779 | Vaults:2 | Noticed dtynewydd's illusion
 35795 | Vaults:2 | Killed Mara
 35810 | Vaults:2 | Your ally Zartorak died
 35870 | Vaults:2 | Your ally Margrim died
 37217 | Vaults:2 | Noticed Sojobo
 37222 | Vaults:1 | Cast into level 2 of the Abyss (a deep elf sorcerer)
 37223 | Abyss:2  | Found a corrupted altar of Lugonu.
 37261 | Abyss:2  | Reached skill level 15 in Armour
 37279 | Abyss:2  | Found a corrupted altar of Lugonu.
 37340 | Abyss:2  | Noticed a lich
 37354 | Abyss:2  | Noticed a Tzitzimitl
 37356 | Abyss:2  | Noticed a lich
 37360 | Abyss:2  | Noticed an Executioner
 37436 | Abyss:2  | Noticed a bone dragon
 37584 | Vaults:1 | Escaped the Abyss
 38104 | Vaults:2 | Reached XP level 18. HP: 66/173 MP: 29/29
 38115 | Vaults:2 | HP: 6/173 [air elemental/tornado[Sojobo] (8)]
 38116 | Vaults:2 | Slain by a red draconian knight

Illustrated notes

Levels and vault maps discovered:
D:1:      minmay_arrival_arboretum_large, layout_loops_corners, serial_forest,
          infiniplex_forest_clump_curved, infiniplex_forest_lined_4_way,
          infiniplex_forest_straight_1, infiniplex_forest_clump_curved,
          infiniplex_forest_end_double, infiniplex_forest_corner_1
D:2:      layout_loops_ring, gammafunk_temple_overflow_wave,
          chequers_ecumenical_altar_lobes, minmay_misc_feat_chi,
          lemuel_statue_altar, uniq_jessica
D:3:      layout_basic, zin_scriptorium, uniq_grinder, uniq_natasha
D:4:      layout_gridville, nicolae_ru_path_of_blood, hangedman_decor_points,
          abandoned_shop, uniq_robin, uniq_ijyb
D:5:      layout_basic, trog_hazing_becter
D:6:      layout_rooms, st_stairs_6, uniq_blork_the_orc
D:7:      gammafunk_cloud_chamber, layout_basic, minmay_temple_entry_offerings,
          serial_shops, nicolae_shop_crystal, lightli_church_of_beogh
D:8:      layout_loops_ring, basic_altar, uniq_harold, uniq_maggie
D:9:      minmay_general_purpose_star, layout_basic, dk_vineyard_2,
          minmay_statue_crystal_thing, uniq_pikel, uniq_maurice, uniq_erica
D:10:     layout_big_octagon, minmay_lair_entry_grove,
          nicolae_gozag_zags_fifth_avenue
D:11:     minmay_the_grid_plus_closed [minmay_the_grid_minigrid_large,
          minmay_the_grid_garden, minmay_the_grid_tiny_cups,
          minmay_the_grid_eight, minmay_the_grid_prize_trominoes],
          layout_irregular_city, orc_david_3
D:12:     layout_rooms, chequers_serial_rivers_small_a, uniq_azrael
D:13:     minmay_razor_zed, layout_basic, serial_shops, shop_scrolls,
          enter_trove_5
D:14:     layout_irregular_city, david_vaults_5, chequers_serial_rivers_micro_b,
          kb_rosetta
D:15:     hangedman_depths_entry_civil_slaughter, layout_rooms, serial_shops,
          shop, hex_tiny, gauntlet_entry_generic
Lair:1:   layout_small_grid, uniq_nergalle
Lair:2:   layout_cave_pods, beast_lair_carwin_9
Lair:3:   layout_roguey, minivault_24, beast_lair_carwin_1
Lair:4:   nzn_motion_control, layout_hall_layers, minmay_shoals_entry_beasts,
          guppyfry_snake_entry_island
Lair:5:   layout_gridlike, slime_altar_1
Lair:6:   minmay_lair_end_enchanted_forest, layout_long_grid
Snake:1:  layout_grid_maze
Snake:2:  layout_honeycomb
Snake:3:  layout_rooms
Snake:4:  snake_pit, layout_cave_town
Orc:1:    layout_caves, basic_altar, mines1_david
Orc:2:    pf_orc_diabolical, layout_caves, serial_shops, shop_fountains,
          nicolae_orc_pool_cavern
Vaults:1: vaults_room_corners, nicolae_vaults_hallways_thing,
          vaults_mumra_hexcomb, nicolae_vaults_specimen_jars,
          vaults_dpeg_spiral, v_pattern_5, nicolae_vaults_ring_of_whatevers,
          v_misc_24, vaults_dpeg_ring, layout_vaults_omnigrid, serial_shops,
          shop, nicolae_shop_stone
Vaults:2: minmay_crypt_entry_simple_plaza, v_pattern_4, v_misc_9,
          vaults_mumra_minichess_inversion, ontoclasm_vaults_twist, v_misc_23,
          vaults_mumra_chevron, nicolae_vaults_little_squares_2,
          vaults_standard_mumra_enter_the_diamond, v_rooms_3,
          vaults_dpeg_diagonal, vaults_room_corners, sword_in_stone,
          vaults_room_stairs_pillars, layout_vaults_omnibox, serial_shops, shop,
          uniq_mara

Skill      XL: |  1  2  3  4  5  6  7  8  9 10 11 12 13 14 15 16 17 |
---------------+----------------------------------------------------+-----
Armour         | 1 2 3 4 5 7 8 9 10 11 12 13 14 15 | 15.1
Fighting       | 4 5 6 7 9 10 11 12 13 14 15 17 18 | 18.6
Axes           | 5 7 9 10 12 14 16 17 19 20 | 20.6
Invocations    | 4 7 9 11 12 13 14 15 | 15.8
Shields        | 4 7 8 |  8.8
Dodging        | 4 5 7 |  7.2
Stealth        | |  1.5

Action                   |  1- 3 |  4- 6 |  7- 9 | 10-12 | 13-15 | 16-18 || total
-------------------------+-------+-------+-------+-------+-------+-------++-------
Melee: Hand axe          |    91 |   129 |   387 |       |       |       ||   607
       War axe           |       |       |   121 |       |    33 |       ||   154
       Battleaxe         |       |       |       |   353 |   471 |       ||   824
       Broad axe         |       |       |       |       |   156 |   731 ||   887
Throw: Stone             |     3 |    10 |       |       |       |       ||    13
       Boomerang         |       |     1 |    45 |    13 |     8 |    21 ||    88
Invok: Convert to Beogh  |       |     1 |       |       |       |       ||     1
       Recall Orcish Fol |       |       |       |    10 |    16 |    12 ||    38
       Give Item to Name |       |       |       |     2 |     5 |       ||     7
       Resurrection      |       |       |       |     1 |     2 |     2 ||     5
       Smiting           |       |       |       |       |     1 |       ||     1
Evoke: Wand              |       |       |       |       |       |     3 ||     3
  Use: Potion            |       |     4 |     2 |     8 |    17 |    13 ||    44
       Scroll            |       |     2 |     7 |     5 |    11 |    28 ||    53
 Stab: Sleeping          |     5 |     1 |     3 |     2 |       |       ||    11
       Confused          |       |       |     2 |       |       |       ||     2
       Distracted        |       |       |       |     9 |    10 |    15 ||    34
       Paralysed         |       |       |       |       |     1 |       ||     1
Armor: Robe              |    13 |    10 |       |    12 |       |       ||    35
       Leather armour    |       |    13 |    38 |       |       |       ||    51
       Scale mail        |       |       |    99 |       |       |       ||    99
       Acid dragon scale |       |       |    17 |    12 |       |       ||    29
       Skin              |       |       |     7 |    20 |       |    34 ||    61
       Chain mail        |       |       |       |   110 |       |       ||   110
       Plate armour      |       |       |       |   101 |   474 |   355 ||   930
Dodge: Dodged            |    49 |    74 |   256 |   217 |   211 |   171 ||   978
Block: Tower shield      |       |       |       |       |   160 |   697 ||   857

Table legend: (Time is in decaauts)
 A = Elapsed time spent in this place.
 B = Non-inter-level travel time spent in this place.
 C = Inter-level travel time spent in this place.
 D = Time resting spent in this place.
 E = Time spent auto-exploring this place.
 F = Levels seen in this place.
 G = Mean time per level.
                   A        B        C        D        E       F      G
               +--------+--------+--------+--------+--------+-----+--------+
         Total |  37999 |  35050 |   2949 |   4190 |  24524 |  31 | 1225.8 |
       Dungeon |  20256 |  18989 |   1267 |   2436 |  13578 |  15 | 1350.4 |
          Lair |   6945 |   6038 |    907 |      9 |   5126 |   6 | 1157.5 |
     Snake Pit |   4853 |   4394 |    459 |    413 |   3074 |   4 | 1213.2 |
  Orcish Mines |   2059 |   1843 |    216 |     22 |   1385 |   2 | 1029.5 |
        Vaults |   3181 |   3083 |     98 |   1309 |   1048 |   2 | 1590.5 |
         Abyss |    335 |    335 |      0 |      0 |     53 |   1 |  335.0 |
      Gauntlet |    367 |    367 |      0 |      0 |    258 |   1 |  367.0 |
               +--------+--------+--------+--------+--------+-----+--------+

Top non-repeatable levels by time:
    D:11: 2846 daAuts
Vaults:1: 2633 daAuts
     D:3: 2272 daAuts
     D:4: 2050 daAuts
 Snake:4: 1831 daAuts
  Lair:1: 1532 daAuts
     D:8: 1464 daAuts
     D:9: 1457 daAuts
     D:2: 1416 daAuts
 Snake:2: 1396 daAuts
     D:1: 1367 daAuts
  Lair:3: 1345 daAuts
    D:10: 1327 daAuts
    D:14: 1235 daAuts
   Orc:2: 1222 daAuts
